Map: Alcyone LE

Players

ZoRoTheZerG - Winner!

  • Race: Zerg Zerg
  • League: Master
  • Spawn Location: 7:00

A.I. 1 (Very Easy)

  • Race: Terran Terran
  • Spawn Location: 1:00

VOD

Have the link to the VOD?

Description

Time

  • Played on: Oct. 22, 2024, 5:01 p.m.
  • Length: 10:20
Show
View Real Time Build Order
Export as new Build Order

ZoRoTheZerG Zerg - Winner!

Build Orders: Hatch First 

Get SALT Encoding   

  12  0:00  Drone  
  13  0:12  Overlord  
  13  0:16  Drone  
  14  0:30  Drone x2  
  16  0:48  Hatchery  
  15  0:51  Drone  
  15  0:54  Drone  
  17  0:58  Drone  
  18  1:09  Extractor  
  17  1:13  Spawning Pool  
  17  1:16  Drone  
  17  1:19  Drone  
  18  1:28  Drone  
  19  1:38  Drone  
  20  1:49  Overlord  
  20  2:00  Queen  
  20  2:01  Queen, Zergling x2  
  24  2:02  Zergling x2  
  26  2:10  Drone  
  27  2:21  Hatchery  
  26  2:23  Drone  
  26  2:24  Drone  
  26  2:27  Drone  
  29  2:36  Queen  
  31  2:41  Overlord  
  31  2:45  Metabolic Boost  
  31  2:49  Drone  
  31  2:50  Drone  
  33  2:52  Drone  
  33  2:55  Drone  
  35  2:59  Drone  
  35  3:05  Drone x2  
  38  3:07  Overlord  
  38  3:10  Drone x2  
  40  3:16  Drone  
  41  3:20  Drone  
  41  3:23  Queen  
  41  3:25  Queen  
  46  3:28  Drone  
  46  3:29  Drone  
  46  3:31  Extractor  
  46  3:32  Extractor  
  46  3:33  Drone  
  47  3:38  Queen  
  47  3:40  Drone  
  50  3:42  Drone  
  50  3:44  Drone  
  50  3:45  Drone  
  50  3:48  Drone  
  54  3:54  Drone x3  
  54  3:55  Drone  
  58  4:04  Overlord x2  
  58  4:06  Lair  
  58  4:10  Extractor  
  58  4:15  Evolution Chamber  
  58  4:16  Evolution Chamber  
  55  4:17  Baneling Nest  
  55  4:22  Drone x2  
  55  4:23  Drone  
  58  4:24  Drone x2  
  58  4:27  Drone  
  58  4:28  Drone  
  58  4:29  Drone  
  62  4:31  Drone  
  62  4:33  Drone  
  62  4:35  Drone  
  62  4:37  Drone  
  66  4:42  Overlord  
  66  4:43  Drone  
  66  4:44  Drone  
  68  4:47  Drone, Extractor  
  68  4:48  Extractor  
  68  4:52  Zerg Ground Armor Level 1  
  67  4:55  Zerg Melee Weapons Level 1  
  67  4:58  Drone  
  68  5:00  Drone  
  68  5:01  Drone  
  70  5:08  Spire  
  70  5:09  Centrifugal Hooks  
  70  5:11  Drone  
  71  5:14  Drone x2  
  71  5:15  Drone  
  71  5:18  Drone x2  
  71  5:20  Drone  
  76  5:24  Drone  
  76  5:26  Drone x3  
  80  5:32  Overlord  
  80  5:33  Overlord  
  80  5:34  Drone x2  
  82  5:45  Hatchery  
  82  5:47  Zergling x2  
  82  6:01  Overlord x5  
  82  6:21  Zerg Flyer Weapons Level 1, Mutalisk  
  82  6:22  Mutalisk x4  
  82  6:23  Mutalisk x6  
  104  6:29  Drone x6  
  104  6:30  Drone  
  104  6:32  Overlord  
  111  6:33  Drone  
  111  6:35  Drone  
  111  6:37  Drone  
  111  6:38  Drone  
  115  6:50  Zergling x2  
  115  6:51  Zergling x16  
  115  6:54  Zerg Ground Armor Level 2, Zerg Melee Weapons Level 2  
  124  6:59  Infestation Pit  
  123  7:01  Extractor  
  123  7:02  Drone x3  
  123  7:04  Drone x3, Extractor  
  123  7:05  Drone  
  123  7:07  Queen  
  130  7:08  Drone  
  131  7:22  Drone x5  
  136  7:36  Hive  
  136  7:39  Hatchery  
  136  7:41  Overlord, Infestor x3  
  136  7:42  Baneling, Overlord x2  
  136  7:43  Baneling x11  
  141  7:54  Overlord x5  
  141  8:09  Hatchery  
  141  8:10  Mutalisk x2, Zergling x26  
  141  8:11  Mutalisk  
  159  8:13  Mutalisk  
  159  8:19  Zergling x2  
  162  8:20  Zergling x2  
  162  8:23  Zergling x14  
  162  8:24  Zergling x2  
  171  8:29  Mutalisk  
  171  8:32  Mutalisk x3  
  179  8:35  Drone  
  179  8:37  Mutalisk x2  
  184  8:41  Mutalisk x2  
  184  8:43  Zergling x2  
  184  8:44  Zergling x2  
  184  8:45  Unknown, Zergling x2  
  184  8:46  Zergling x2  
  184  8:47  Zergling x2  
  192  8:49  Baneling x8  
  192  8:50  Zergling x2  
  192  8:51  Zergling x2  
  192  8:53  Zergling x2  
  192  8:54  Zergling x8  
  199  8:59  Ultralisk Cavern  
  198  9:05  Extractor  
  198  9:06  Zergling x6  
  198  9:07  Extractor  
  199  9:20  Zergling x2  
  199  9:22  Baneling  
  199  9:23  Baneling x3  
  200  9:35  Overlord  
  196  9:59  Zergling x2  
  197  10:00  Zergling x4  
Show
View Real Time Build Order
Export as new Build Order

A.I. 1 (Very Easy) Terran 

Build Orders: Reaper Expand 

Get SALT Encoding   

  12  0:00  SCV  
  13  0:13  SCV  
  14  0:19  Supply Depot  
  14  0:42  Barracks  
  14  1:03  Command Center  
  14  1:29  Supply Depot  
  14  1:30  Orbital Command  
  14  1:31  Marine  
  15  1:35  Refinery  
  15  1:47  Refinery  
  15  1:56  SCV  
  16  2:08  SCV  
  17  2:16  Reaper  
  17  2:20  SCV  
  17  2:21  SCV  
  20  2:32  SCV  
  20  2:36  SCV  
  22  2:38  Refinery  
  22  2:44  SCV  
  22  2:50  SCV  
  24  2:57  SCV  
  25  3:03  Marine  
  25  3:04  SCV  
  27  3:11  SCV  
  28  3:18  SCV  
  28  3:19  Factory  
  29  3:43  Refinery  
  29  3:44  SCV  
  30  3:50  Marine  
  30  3:51  SCV  
  32  3:58  Supply Depot, SCV  
  33  4:06  SCV  
  33  4:08  Starport  
  33  4:09  Barracks Tech Lab  
  34  4:13  SCV  
  35  4:20  SCV  
  36  4:27  SCV  
  36  4:31  Supply Depot  
  37  4:35  SCV  
  37  4:38  Marauder  
  40  4:42  SCV  
  40  4:45  Starport Tech Lab  
  41  4:49  SCV  
  42  4:56  SCV  
  43  5:03  SCV  
  43  5:04  Raven  
  46  5:10  SCV  
  47  5:17  SCV  
  48  5:24  Marine  
  49  5:38  Raven  
  51  6:12  Marine  
  52  6:58  SCV  
  52  6:59  Marauder  
  54  7:39  Marine  
  54  7:42  Supply Depot, SCV  
  53  7:49  SCV  
  48  7:56  SCV  
  49  8:03  SCV  
  50  8:08  Viking  
  50  8:11  SCV  
  53  8:18  SCV  
  54  8:25  SCV  
  55  8:32  SCV  
  56  8:37  Hellion  
  56  8:39  SCV  
  59  9:05  Marine  
  60  9:47  Marine  
  60  9:49  Supply Depot  
  60  9:51  SCV  
Tags
 
Add a new tag
Caveats
  • Supply blocks, unpowered buildings, or Contaminate may cause inaccurate times.
  • Supply counts are checked every 10 seconds.